 Dungeon Crawl Stone Soup version 0.31-a0-265-gcf7e37af1d (webtiles) character file.

Game seed: 8138516828775719915

51 qw the Shooter (level 3, -7/29 HPs)
             Began as a Minotaur Hexslinger on July 13, 2023.
             Killed by nerve-wracking pain
             ... invoked by an orc priest
              (14 damage)
             ... on level 4 of the Dungeon.
             The game lasted 00:00:17 (810 turns).

qw the Shooter (Minotaur Hexslinger)                 Turns: 810, Time: 00:00:18

Health: -7/29      AC:  5    Str: 12    XL:     3   Next: 58%
Magic:  3/3        EV: 12    Int: 10    God:
Gold:   21         SH:  0    Dex: 14    Spells: 3/4 levels left

rFire   . . .        Y - +1 sling
rCold   . . .        (no shield)
rNeg    . . .        c - +0 robe
rPois   .            (helmet restricted)
rElec   .            d - +2 cloak
rCorr   .            (no gloves)
SInv    .            (no boots)
Will    .....        (no amulet)
Stlth   +            (no ring)
HPRegen 0.24/turn    (no ring)
MPRegen 0.08/turn

%: no passive effects
@: no status effects
A: horns 2, retaliatory headbutt
a: no special abilities


You were on level 4 of the Dungeon.
You visited 1 branch of the dungeon, and saw 3 of its levels.

You collected 21 gold pieces.


Innate Abilities, Weirdness & Mutations

You have a pair of horns on your head.
You reflexively headbutt those who attack you in melee.


   Skills:
 - Level 2.0 Fighting
 + Level 4.1 Ranged Weapons
 - Level 2.1 Dodging
 - Level 1.0 Spellcasting
 - Level 2.0 Hexes


You had 3 spell levels left.
You knew the following spells:

 Your Spells              Type           Power      Damage    Failure   Level
a - Slow                  Hex            16%        N/A       16%         1

Your spell library contained the following spells:

 Spells                   Type           Power      Damage    Failure   Level
 Inner Flame              Hex/Fire       2%         N/A       56%         3
 Portal Projectile        Hex/Tloc       4%         N/A       56%         3
 Cause Fear               Hex            2%         N/A       83%         4

Inventory:

Hand Weapons
 Y - a +1 sling (weapon)
Armour
 a - a +0 leather armour
 c - a +0 robe (worn)
 d - a +2 cloak (worn)
Scrolls
 b - 2 scrolls of enchant armour {unknown}
Potions
 f - a potion of heal wounds {unknown}

Dungeon Overview and Level Annotations

Branches:
Dungeon (2/15)

Altars:


Message History

The adder bites you but does no damage.
An orc comes into view. It is wielding a +0 whip.
The orc hits you but does no damage. The kobold misses you.
You shoot a sling bullet.
The sling bullet completely misses the adder.
The adder bites you.
An orc comes into view. It is wielding a +0 club.
The adder bites you but does no damage.
The kobold hits you with a +0 short sword.
The orc hits you with a +0 whip.
You shoot a sling bullet. The sling bullet misses the adder.
You hear a shout!
The adder bites you.
You are poisoned.
The adder poisons you! The kobold hits you but does no damage.
The orc barely misses you. You furiously retaliate!
You headbutt the orc!
You kill the orc!
The adder bites you.
You shoot a sling bullet. The sling bullet hits the adder!
You kill the adder!
You feel sick.
You hear a shout!
An orc priest comes into view. It is wielding a +0 flail.
The kobold hits you with a +0 short sword.
Your Ranged Weapons skill increases to level 4!
You shoot a sling bullet. The sling bullet hits the kobold.
You kill the kobold!
You feel sick.
An orc comes into view. It is wielding a +0 short sword.
The orc priest hits you with a +0 flail.
You shoot a sling bullet. The orc shouts!
The sling bullet hits the orc priest!
The orc priest is heavily wounded.
You feel sick.
You are no longer poisoned.
You hear a bark!
The orc priest invokes the aid of Beogh against you.
Pain shoots through your body!
You die...

.#.......#.#...##
.................###
....................
.................#
#................#
#................#
....##.##.....##.#~~
.... ## #.##)....'~~
.. #.##@).#.#
#.##oo## # .. o..#
o..)# ......
........ ...#.....
###.##...!.


You could see an orc priest and 3 orcs.

Vanquished Creatures
  2 adders (D:4)
  5 orcs (D:4)
  2 bats (D:1)
  A giant cockroach (D:2)
  A goblin (D:1)
  4 hobgoblins
  6 kobolds
  A quokka (D:1)
  2 ball pythons
  A frilled lizard (D:1)
  2 rats
27 creatures vanquished.

Notes
Turn   | Place    | Note
-------+----------+-------------------------------------------
     0 | D:1      | qw the Minotaur Hexslinger began the quest for the Orb.
     0 | D:1      | Reached XP level 1. HP: 16/16 MP: 1/1
     0 | D:1      | 0 ||| qw: Version: 0.3-a-52-g30416fa
     0 | D:1      | 0 ||| qw: Game counter: 7637
     0 | D:1      | 0 ||| qw: Melee chars always use a shield: true
     0 | D:1      | 0 ||| qw: God list: Okawaru
     0 | D:1      | 0 ||| qw: Allow faded altars: false
     0 | D:1      | 0 ||| qw: Do Orc after clearing Dungeon:15 true
     0 | D:1      | 0 ||| qw: Do second Lair branch before Depths: true
     0 | D:1      | 0 ||| qw: Lair rune preference: random
     0 | D:1      | 0 ||| qw: Goals: Normal
     0 | D:1      | 0 ||| PLANNING D:1-11
   201 | D:1      | Reached skill level 3 in Ranged Weapons
   203 | D:1      | Reached XP level 2. HP: 23/23 MP: 2/2
   633 | D:1      | 633 ||| UPGRADING to +2 cloak.
   638 | D:1      | 638 ||| READING scroll labelled EMPE BAJOZEKO.
   639 | D:1      | 639 ||| DROPPING scroll of poison.
   771 | D:2      | You fall into a shaft and drop 2 floors!
   784 | D:4      | Reached XP level 3. HP: 29/29 MP: 3/3
   809 | D:4      | Reached skill level 4 in Ranged Weapons
   809 | D:4      | HP: 7/29 [orc priest/+0 flail (2)]
   810 | D:4      | Killed from afar by an orc priest

Levels and vault maps discovered:
D:1:      heliophobic_arrival_enchanted_forest, layout_loops_ring
D:2:      layout_loops_cross
D:4:      layout_cave_pools, chequers_serial_rivers_room_b, minmay_puff

Skill      XL: |  1  2  3 |
---------------+----------+-----
Ranged Weapons | 3 4 |  4.1
Fighting       | 2 |  2.0
Dodging        | |  2.1
Spellcasting   | |  1.0
Hexes          | |  2.0

Action                     || total
---------------------------++-------
   Fire: Sling             ||    83
    Use: Scroll            ||     1
 Armour: Robe              ||    24
  Dodge: Dodged            ||    33

Table legend:
 A = Non-vault XP
 B = Vault XP
 C = Vault XP percentage of total XP
 D = Non-vault monster count
 E = Vault monster count
 F = Vault count percentage of total count
                 A         B        C        D         E       F
            +---------+---------+-------+---------+---------+-------
      Total |      74 |       0 |   0.0 |      27 |       0 |   0.0
            +---------+---------+-------+---------+---------+-------
        D:1 |      20 |       0 |   0.0 |      12 |       0 |   0.0
        D:2 |       8 |       0 |   0.0 |       5 |       0 |   0.0
        D:4 |      46 |       0 |   0.0 |      10 |       0 |   0.0
            +---------+---------+-------+---------+---------+-------
